 Dungeon Crawl Stone Soup version 0.27-a0-870-gc4bfac4 (webtiles) character file.

Game seed: 17496558011259350467

107 Nithhogg the Shooter (level 4, -7/37 HPs)
             Began as a Deep Elf Hunter on Apr 2, 2021.
             Killed by nerve-wracking pain
             ... invoked by an orc priest
              (10 damage)
             ... on level 3 of the Dungeon.
             The game lasted 00:06:08 (3802 turns).

Nithhogg the Shooter (Deep Elf Hunter)              Turns: 3802, Time: 00:06:08

Health: -7/37      AC:  4    Str:  9    XL:     4   Next: 57%
Magic:  9/9        EV: 12    Int: 16    God:
Gold:   218        SH:  0    Dex: 16    Spells: 7/7 levels left

rFire    . . .     SeeInvis .   b - +0 short sword
rCold    . . .     Faith    .   (no shield)
rNeg     . . .     Spirit   .   c - +0 leather armour
rPois    .         Reflect  .   (no helmet)
rElec    .         Harm     .   (no cloak)
rCorr    .         Rampage  .   j - +0 pair of gloves
Will     .....                  (no boots)
Stlth    ..........             (no amulet)
HPRegen  0.12/turn              (no ring)
MPRegen  0.11/turn              (no ring)

@: berserking, very quick
A: no striking features
a: no special abilities


You were on level 3 of the Dungeon.
You visited 1 branch of the dungeon, and saw 3 of its levels.

You collected 218 gold pieces.

Inventory:

Hand Weapons
 a - a +1 shortbow
 b - a +0 short sword (weapon)
Missiles
 d - 9 arrows
Armour
 c - a +0 leather armour (worn)
 j - a +0 pair of gloves (worn)
 k - a +0 pair of gloves
Scrolls
 i - 2 scrolls of magic mapping
 l - a scroll of summoning {unknown}
Potions
 e - a potion of heal wounds {unknown}
 f - a potion of haste {unknown}
 h - a potion of brilliance


   Skills:
 - Level 1.5 Fighting
 + Level 6.1 Bows
 + Level 3.5 Dodging
 + Level 3.2 Stealth
 + Level 2.4 Spellcasting


You had 7 spell levels left.
You didn't know any spells.
Your spell library contained the following spells:

 Spells                   Type           Power      Damage    Failure   Level
 Magic Dart               Conj           4%         1d3       28%         1
 Blink                    Tloc           N/A        N/A       38%         2
 Call Imp                 Summ           1%         N/A       38%         2
 Slow                     Hex            1%         N/A       38%         2
 Conjure Flame            Conj/Fire      1%         6-21      63%         3
 Mephitic Cloud           Conj/Pois/Air  1%         N/A       63%         3


Dungeon Overview and Level Annotations

Branches:
Dungeon (3/15)

Altars:
Wu Jian


Message History

You are too injured to fight recklessly!
You are too injured to fight recklessly!
You are too injured to fight recklessly!
You are too injured to fight recklessly!
You are too injured to fight recklessly!
You are too injured to fight recklessly!
You are too injured to fight recklessly!
You are too injured to fight recklessly!
You are too injured to fight recklessly!
You are too injured to fight recklessly!
You are too injured to fight recklessly!
Unknown command.
You hit the orc priest.
The orc priest is moderately wounded.
The orc priest invokes the aid of Beogh against you.
Beogh smites you!
* * * LOW HITPOINT WARNING * * *
You hit the orc priest.
The orc priest is moderately wounded.
The orc priest looks encouraged for a moment.
The orc priest barely misses you.
Unknown command.
It was a potion of berserk rage.
A red film seems to cover your vision as you go berserk!
You feel yourself moving faster!
You feel mighty! The orc priest barely misses you.
You closely miss the orc priest.
The orc priest is moderately wounded.
You barely miss the orc priest.
The orc priest is moderately wounded.
The orc priest hits you with a +0 club.
* * * LOW HITPOINT WARNING * * *
You puncture the orc priest!
The orc priest is almost dead.
The orc priest closely misses you.
You closely miss the orc priest.
The orc priest is almost dead.
The orc priest calls down the wrath of Beogh upon you.
Pain shoots through your body!
You die...

####.# #.# #.####.#
#....#.########
#####.............
...........#######
#####.#.#..#######
#####.#.#........# #.#..
..........######.# ..#.
...##.#..## #@# ... ...##.#..#
#....o..##. ..# ....#.#..#
#.##.##.##.# ..#
....#.#..####.##.##.#..(####..#
....#..........#..............###
.#..##...####...........###......
.#..##...# ##.#..#.#.....#####
.#.......# ......###..).#
...<.#...# #.#..####....###


You could see an orc priest.

Vanquished Creatures
  A gnoll (D:1)
  4 adders
  A worm (D:2)
  A dart slug (D:1)
  4 orcs (D:3)
  3 ball pythons
  3 endoplasms
  A giant cockroach (D:1)
  4 goblins
  2 hobgoblins
  8 jackals (D:1)
  2 kobolds
  3 quokkas
  3 bats
  5 frilled lizards
  6 rats
51 creatures vanquished.

Notes
Turn   | Place    | Note
-------+----------+-------------------------------------------
     0 | D:1      | Nithhogg the Deep Elf Hunter began the quest for the Orb.
     0 | D:1      | Reached XP level 1. HP: 12/12 MP: 3/3
    54 | D:1      | Reached skill level 1 in Spellcasting
    54 | D:1      | Reached XP level 2. HP: 16/16 MP: 5/5
   470 | D:1      | Reached XP level 3. HP: 3/20 MP: 7/7
   853 | D:1      | Found a faded altar of an unknown god.
  2158 | D:2      | Reached XP level 4. HP: 25/25 MP: 9/9
  2323 | D:2      | Reached skill level 6 in Bows
  2706 | D:3      | Found an ornate altar of the Wu Jian Council.
  3802 | D:3      | Killed from afar by an orc priest

Illustrated notes

Levels and vault maps discovered:
D:1:      scummos_arrival_star, layout_basic, basic_ecumenical_altar,
          moated_statue, minmay_octomino_j4
D:2:      layout_loops_corners, chequers_serial_rivers_micro_b
D:3:      layout_loops_ring, amcnicky_altar_gilded, old_standard_altar

Skill      XL: |  1  2  3  4 |
---------------+-------------+-----
Spellcasting   | 1 2 |  2.4
Stealth        | 2 3 |  3.2
Dodging        | 3 |  3.5
Bows           | 6 |  6.1
Fighting       | |  1.5

Action                   |  1- 3 |  4- 6 || total
-------------------------+-------+-------++-------
Melee: Short sword       |    26 |    62 ||    88
       Shortbow          |    14 |       ||    14
 Fire: Shortbow          |    84 |    36 ||   120
  Use: Scroll            |     1 |       ||     1
       Potion            |       |     3 ||     3
 Stab: Sleeping          |       |     2 ||     2
Armor: Leather armour    |    22 |     9 ||    31
       Skin              |       |     8 ||     8
Dodge: Dodged            |    44 |    44 ||    88

Table legend: (Time is in decaauts)
 A = Elapsed time spent in this place.
 B = Non-inter-level travel time spent in this place.
 C = Inter-level travel time spent in this place.
 D = Time resting spent in this place.
 E = Time spent auto-exploring this place.
 F = Levels seen in this place.
 G = Mean time per level.
                   A        B        C        D        E       F      G
               +--------+--------+--------+--------+--------+-----+--------+
         Total |   3816 |   3791 |     25 |    539 |   2779 |   3 | 1272.0 |
       Dungeon |   3816 |   3791 |     25 |    539 |   2779 |   3 | 1272.0 |
               +--------+--------+--------+--------+--------+-----+--------+

Top non-repeatable levels by time:
     D:1: 1535 daAuts
     D:2: 1219 daAuts
     D:3: 1061 daAuts
